 Dungeon Crawl Stone Soup version 0.28-a0-973-ga7f8b01127 (webtiles) character file.

Game seed: 14687676154476276257

736 vurker the Chopper (level 7, 0/63 HPs)
             Began as a Minotaur Fighter on Dec 1, 2021.
             Was a Priest of Yredelemnul.
             Slain by Maggie (5 damage)
             ... on level 6 of the Dungeon.
             The game lasted 00:08:56 (5176 turns).

vurker the Chopper (Minotaur Fighter)               Turns: 5176, Time: 00:08:57

Health: 0/63       AC: 10    Str: 22    XL:     7   Next: 46%
Magic:  8/8        EV:  7    Int:  5    God:    Yredelemnul [***...]
Gold:   232        SH:  5    Dex: 16    Spells: 6/6 levels left

rFire   . . .      SeeInvis .   a - +0 war axe
rCold   . . .      Faith    .   c - +0 buckler
rNeg    . . .      Spirit   .   f - +0 chain mail
rPois   +          Reflect  .   (helmet restricted)
rElec   .          Harm     .   (no cloak)
rCorr   .          Rampage  .   (no gloves)
Will    .....                   v - +0 pair of boots
Stlth   ..........              (no amulet)
HPRegen 0.20/turn               k - ring of poison resistance
MPRegen 0.11/turn               s - +6 ring of dexterity

@: mirroring injuries
A: horns 2, retaliatory headbutt
a: Renounce Religion, Recall Undead Slaves, Injury Mirror, Animate Dead


You were on level 6 of the Dungeon.
You worshipped Yredelemnul.
Yredelemnul was most pleased with you.
You visited 1 branch of the dungeon, and saw 6 of its levels.

You collected 274 gold pieces.
You spent 42 gold pieces at shops.

Inventory:

Hand Weapons
 a - a +0 war axe (weapon)
 j - a +3 spear of venom
   (You took it off Robin on level 3 of the Dungeon)
Missiles
 x - 2 throwing nets (quivered)
Armour
 c - a +0 buckler (worn)
 f - a +0 chain mail (worn)
   (You found it on level 1 of the Dungeon)
 v - a +0 pair of boots (worn)
   (You found it on level 5 of the Dungeon)
Jewellery
 k - a ring of poison resistance (left hand)
   (You found it on level 3 of the Dungeon)
 l - a ring of positive energy
   (You found it on level 3 of the Dungeon)
 s - a +6 ring of dexterity (right hand)
   (You found it on level 5 of the Dungeon)
Wands
 p - a wand of mindburst (14)
   (You found it on level 4 of the Dungeon)
 t - a wand of flame (11)
   (You found it on level 5 of the Dungeon)
Scrolls
 b - 6 scrolls of identify {unknown}
 h - 4 scrolls of enchant armour {unknown}
 i - 2 scrolls of vulnerability {unknown}
 m - 2 scrolls of noise {unknown}
 o - a scroll of summoning {unknown}
 q - a scroll of fog {unknown}
 r - a scroll of blinking {unknown}
 u - a scroll of immolation {unknown}
 y - a scroll of teleportation {unknown}
Potions
 d - a potion of curing
 e - 3 potions of ambrosia {unknown}
 g - 2 potions of lignification {unknown}
 n - a potion of magic {unknown}
 w - a potion of mutation {unknown}


   Skills:
 + Level 6.1 Fighting
 * Level 7.4 Axes
 - Level 3.6 Armour
 - Level 4.0 Shields
 + Level 3.5 Invocations


You had 6 spell levels left.
You didn't know any spells.
Your spell library contained the following spells:

 Spells                   Type           Power      Damage    Failure   Level
 Sandblast                Erth           0%         2d4       99%         1
 Passwall                 Tmut/Erth      0%         N/A       100%        2
 Stone Arrow              Conj/Erth      0%         3d7       100%        3
 Airstrike                Air            0%         N/A       100%        4
 Summon Lightning Spire   Summ/Air       0%         N/A       100%        4
 Lightning Bolt           Conj/Air       0%         1d11      100%        5


Dungeon Overview and Level Annotations

Branches:
Dungeon (6/15)             Temple (0/1) D:6

Altars:
Ashenzari
Kikubaaqudgha
Nemelex Xobeh
Yredelemnul

Shops:
D:2 *:*(!

Annotations:
D:6 Maggie


Innate Abilities, Weirdness & Mutations

You have a pair of horns on your head.
You reflexively headbutt those who attack you in melee.


Message History

You block the centaur zombie's attack.
The centaur zombie kicks you but does no damage.
You slash the centaur zombie!
You block the centaur zombie's attack. x2
You hit the centaur zombie.
You block the centaur zombie's attack. x2
The centaur zombie closely misses you. You furiously retaliate!
You headbutt the centaur zombie!
You destroy the centaur zombie!
Yredelemnul accepts your kill.
No target in view!
No target in view!
No target in view!
No target in view!
No target in view!
No target in view!
Found 10 stones.
Maggie the Vainglorious comes into view.
She is wielding a +0 halberd.
A centaur skeleton comes into view.
Maggie casts a spell at you. The bolt of fire hits you!!
You slash Maggie! Your headbutt misses Maggie.
Maggie hits you with a +0 halberd!
* * * LOW HITPOINT WARNING * * *
Okay, then.
Maggie casts a spell at you. The bolt of fire hits you!
* * * LOW HITPOINT WARNING * * *
The centaur skeleton hits you but does no damage.
The centaur skeleton kicks you but does no damage.
You offer yourself to Yredelemnul, and are filled with unholy energy.
Maggie hits you with a +0 halberd.
* * * LOW HITPOINT WARNING * * *
Yredelemnul mirrors your injury!
The centaur skeleton hits you but does no damage.
The centaur skeleton kicks you but does no damage.
You slash Maggie! Your headbutt misses Maggie. You slash the centaur skeleton!
The centaur skeleton hits you.
* * * LOW HITPOINT WARNING * * *
Yredelemnul mirrors your injury!
The centaur skeleton kicks you but does no damage.
Maggie hits you with a +0 halberd.
* * * LOW HITPOINT WARNING * * *
Yredelemnul mirrors your injury! The centaur skeleton hits you.
* * * LOW HITPOINT WARNING * * *
Yredelemnul mirrors your injury!
You block the centaur skeleton's attack.
Your mummy completely misses the centaur skeleton.
Maggie hits you with a +0 halberd.
You die...
Your body rises from the dead as a mindless zombie.

#.#.###.#.......#...#......#
#. #.#.#
#.#.......######.....## #.
#.#.#
#.#......##.#..##.....## #.
#.#.#
#.#.....##..#...##.....# #.
....#
#.#....##...#....##..#.# #.
..<.#
#.##..##....#.....##.#.# #.
....# ...
.##(....#......###.###.
#)#(.....
#....@Z#.......##.....
#)#..#..#
#....@.M...###.######.
#)#..#..# #....##.#### #.#
#. ))......# #.### #....#
#.######. .....#.## ..
#.##.# #........ #.#.....##
.###.#P.P##.#######
......#.. .....##.###.#
#........ #.P#...#P.#
###...... #....>....# #.####
##P#...#P## ####


You could see Maggie (ally target), a centaur skeleton and a friendly mummy.

Vanquished Creatures
  Blork the orc (D:4)
  A scorpion (D:6)
  A water moccasin skeleton (D:4)
  A centaur zombie (D:6)
  A gnoll shaman (D:6)
  A centaur skeleton (D:4)
  Terence (D:2)
  2 orc wizards (D:4)
  A hound skeleton (D:5)
  Robin (D:3)
  12 gnolls
  5 adders
  A shadow imp (D:4)
  A white imp (D:6)
  4 ufetubi
  An adder skeleton (D:4)
  A worm (D:2)
  3 dart slugs
  12 orcs
  10 ball pythons
  9 endoplasms
  4 giant cockroaches
  19 goblins
  12 hobgoblins
  7 quokkas
  6 bats
  2 frilled lizards (D:2)
  6 kobolds
  3 rats
129 creatures vanquished.

Vanquished Creatures (collateral kills)
  A centaur zombie (D:6)
  A gnoll (D:4)
  An orc (D:6)
3 creatures vanquished.

Grand Total: 132 creatures vanquished

Notes
Turn   | Place    | Note
-------+----------+-------------------------------------------
     0 | D:1      | vurker the Minotaur Fighter began the quest for the Orb.
     0 | D:1      | Reached XP level 1. HP: 19/19 MP: 0/0
   121 | D:1      | Reached skill level 3 in Axes
   121 | D:1      | Reached XP level 2. HP: 27/27 MP: 1/1
   260 | D:1      | Found a faded altar of an unknown god.
   269 | D:1      | Prayed at the altar of an unknown god.
   269 | D:1      | Became a worshipper of Yredelemnul the Dark
   269 | D:1      | Reached * piety under Yredelemnul
  1087 | D:2      | Reached XP level 3. HP: 33/33 MP: 2/2
  1242 | D:2      | Noticed Terence
  1253 | D:2      | Killed Terence
  1254 | D:2      | Reached skill level 1 in Invocations
  1255 | D:2      | Reached skill level 4 in Axes
  1352 | D:2      | Found Kizeq's Book Shoppe.
  1367 | D:2      | Reached XP level 4. HP: 41/41 MP: 3/3
  1395 | D:2      | Found Diob's General Store.
  1641 | D:2      | Reached ** piety under Yredelemnul
  1732 | D:2      | Reached XP level 5. HP: 44/47 MP: 5/5
  1797 | D:2      | Found Apsyull's Antique Weapon Emporium.
  2011 | D:2      | Found Ahenaaw's General Store.
  2083 | D:2      | Found Poclomoo's Distillery.
  2092 | D:2      | Bought a potion of curing for 42 gold pieces
  2208 | D:3      | Reached skill level 5 in Axes
  2267 | D:3      | Noticed Robin
  2274 | D:3      | Killed Robin
  2784 | D:3      | Reached *** piety under Yredelemnul
  3064 | D:4      | Noticed Blork the orc
  3067 | D:4      | Reached skill level 5 in Fighting
  3073 | D:4      | Killed Blork the orc
  3074 | D:4      | Reached XP level 6. HP: 33/56 MP: 6/6
  3302 | D:4      | Reached skill level 6 in Axes
  3568 | D:4      | Received a gift from Yredelemnul (a mummy)
  3892 | D:5      | Entered Level 5 of the Dungeon
  3912 | D:5      | Reached XP level 7. HP: 62/62 MP: 8/8
  4107 | D:5      | Noticed a wraith
  4107 | D:5      | Noticed a vampire
  4203 | D:5      | Found a sparkling altar of Nemelex Xobeh.
  4371 | D:6      | Found an ancient bone altar of Kikubaaqudgha.
  4393 | D:6      | Reached skill level 7 in Axes
  4979 | D:6      | Found a staircase to the Ecumenical Temple.
  5130 | D:6      | Found a broken altar of Ashenzari.
  5170 | D:6      | Noticed Maggie
  5176 | D:6      | Slain by Maggie

Illustrated notes

Levels and vault maps discovered:
D:1:      zelgadis_glass_arrival_small, layout_loops_corners,
          basic_ecumenical_altar, serial_bayou_pond_e
D:2:      layout_loops_ring, serial_shops, shop_fountains, shop_fountains,
          nicolae_shop_trees, nicolae_square_shop, shop,
          kennysheep_generic_room_4, uniq_terence
D:3:      layout_basic, uniq_robin
D:4:      layout_basic, moated_statue, uniq_blork_the_orc
D:5:      layout_basic, nemelex_altar_shiori, serial_bayou_pond_d,
          lightli_corner_chamber
D:6:      layout_loops_ring, mainiacjoe_overflow_alcove_1,
          nicolae_ashenzari_panopticon, amethyst_overflow_temple_binary,
          minmay_temple_entry_gardened_gates, kennysheep_windowed_goal,
          uniq_maggie

Skill      XL: |  1  2  3  4  5  6  7 |
---------------+----------------------+-----
Axes           | 3 4 5 6 7 |  7.4
Fighting       | 4 5 6 |  6.1
Shields        | 4 |  4.0
Invocations    | 1 2 3 |  3.5
Armour         | |  3.6

Action                   |  1- 3 |  4- 6 |  7- 9 || total
-------------------------+-------+-------+-------++-------
Melee: War axe           |    61 |   154 |    40 ||   255
       Headbutt          |    12 |    24 |    12 ||    48
Invok: Injury Mirror     |       |       |     1 ||     1
       Recall Undead Sla |       |       |     1 ||     1
  Use: Potion            |       |     1 |       ||     1
Armor: Scale mail        |     8 |       |       ||     8
       Chain mail        |    16 |   104 |    42 ||   162
Dodge: Dodged            |    29 |    59 |    21 ||   109
Block: Buckler           |    14 |    44 |    14 ||    72

Table legend: (Time is in decaauts)
 A = Elapsed time spent in this place.
 B = Non-inter-level travel time spent in this place.
 C = Inter-level travel time spent in this place.
 D = Time resting spent in this place.
 E = Time spent auto-exploring this place.
 F = Levels seen in this place.
 G = Mean time per level.
                   A        B        C        D        E       F      G
               +--------+--------+--------+--------+--------+-----+--------+
         Total |   5720 |   5537 |    183 |    370 |   4354 |   6 |  953.3 |
       Dungeon |   5720 |   5537 |    183 |    370 |   4354 |   6 |  953.3 |
               +--------+--------+--------+--------+--------+-----+--------+

Top non-repeatable levels by time:
     D:1: 1231 daAuts
     D:2: 985 daAuts
     D:5: 945 daAuts
     D:3: 893 daAuts
     D:4: 840 daAuts
     D:6: 824 daAuts
